 Dungeon Crawl Stone Soup version 0.29-a0-857-g9b1aa3ac5b (webtiles) character file.

Game seed: 8961393863741588436

112 MisterAzrael the Cudgeller (level 5, 22/46 HPs)
             Began as a Meteoran Cinder Acolyte on July 16, 2022.
             Was an Elder of Ignis.
             Quit the game in a sewer.
             The game lasted 00:04:15 (1221 turns).

MisterAzrael the Cudgeller (MeCA)                   Turns: 1221, Time: 00:04:15

Health: 22/46      AC:  2    Str: 16    XL:     5   Next: 40%
Magic:  10/10      EV: 11    Int: 17    God:    Ignis [****..]
Gold:   115        SH:  0    Dex:  9    Spells: 7/9 levels left

rFire   + . .      SeeInvis .   k - +2 war axe (vorpal)
rCold   . . .      Faith    .   (no shield)
rNeg    . . .      Spirit   .   b - +0 robe
rPois   .          Reflect  .   (no helmet)
rElec   .          Harm     .   (no cloak)
rCorr   .          Rampage  .   (no gloves)
Will    .....                   (no boots)
Stlth   +.........              (no amulet)
HPRegen 0.15/turn               j - +4 ring of slaying
MPRegen 0.12/turn               (no ring)

@: mildly poisoned (22 -> 17), glowing
A: sense surroundings 1, otherworldly, glowing, explore regen
a: Renounce Religion, Fiery Armour, Foxfire Swarm, Rising Flame


You were in a sewer.
You worshipped Ignis.
Ignis was greatly pleased with you.
You visited 1 branch of the dungeon, and saw 3 of its levels.
You also visited: Sewer.

You collected 115 gold pieces.

Inventory:

Hand Weapons
 a - a -1 mace of flaming
 k - a +2 vorpal war axe (weapon)
Armour
 b - a +0 robe (worn)
Jewellery
 j - a +4 ring of slaying (left hand)
Scrolls
 e - 3 scrolls of teleportation {unknown}
 f - 2 scrolls of identify {unknown}
 g - 3 scrolls of fog {unknown}
 h - 2 scrolls of immolation {unknown}
 i - a scroll of silence {unknown}
 l - a scroll of poison {unknown}
Potions
 c - 2 potions of degeneration {unknown}
 d - a potion of curing {unknown}
 m - a potion of mutation {unknown}


   Skills:
 + Level 4.1 Fighting
 * Level 0.8(2.9) Axes
 - Level 4.9(5.0) Maces & Flails
 + Level 2.9 Spellcasting
 + Level 4.4 Fire Magic


You had 7 spell levels left.
You knew the following spells:

 Your Spells              Type           Power      Damage    Failure   Level
a - Scorch                Fire           34%        2d7       4%          2

Your spell library contained the following spells:

 Spells                   Type           Power      Damage    Failure   Level
 Poisonous Vapours        Pois/Air       4%         N/A       26%         2
 Dazzling Flash           Conj/Hex       4%         N/A       47%         3
 Corpse Rot               Necr/Pois/Air  2%         N/A       87%         4
 Agony                    Necr           2%         N/A       99%         5
 Silence                  Hex/Air        1%         N/A       99%         5


Dungeon Overview and Level Annotations

Branches:
Dungeon (3/15) Zot: 575     Sewer (1/1) Zot: 569

Altars:


Innate Abilities, Weirdness & Mutations

You passively map a small area around you.
You are easily found by Zot.
You glow in the dark.
You regain HP and MP as you explore.


Message History

You kill the ball python!
You barely miss the adder.
You feel sick. The bat barely misses you. The bat hits you but does no damage.
The adder bites you. The adder closely misses you.
You hit the adder.
The adder is moderately wounded.
You slash the bat!
You kill the bat!
You feel sick. The bat hits you but does no damage. The adder bites you.
The bat closely misses you.
You hit the adder.
The adder is almost dead.
You slash the bat!
You kill the bat!
You feel sick.
You are no longer poisoned.
The adder closely misses you. x2
You miss the adder.
The adder is almost dead.
The adder bites you. x2
You closely miss the adder.
The adder is almost dead.
The adder closely misses you. The adder bites you.
You miss the adder.
The adder is almost dead.
The adder bites you.
You miss the adder.
The adder is almost dead.
The adder closely misses you. The adder bites you.
You are poisoned.
The adder poisons you!
You miss the adder.
The adder is almost dead.
You feel sick. The adder closely misses you. The adder barely misses you.
An adder is nearby!
An adder is nearby!
You are too injured to fight recklessly!
You are too injured to fight recklessly!
Unknown command.
Are you sure you want to abandon this character and quit the game? (Confirm with "yes".)

, ≈# , ,** ≈≈≈# ,
* ≈≈.# * ≈≈≈# *
#### ≈≈≈# ###∩.###
####≈≈.# *
#∩.....####.≈≈≈≈≈#
≈
#..††.......≈≈≈≈≈#
*
#.........≈≈≈@†≈≈#
##.....##.####S≈.#
##...##### *≈≈≈# ≈
#####** * ≈≈≈# ≈ ≈
≈ ≈ ≈≈≈≈≈ ≈ ≈≈
≈≈≈≈≈≈≈≈ ≈≈ ≈ ≈
≈≈.≈.≈≈ ≈ *
####### *


You could see an adder.

Vanquished Creatures
  2 adders
  3 worms
  3 dart slugs
  6 bats
  5 endoplasms
  5 giant cockroaches
  7 goblins
  9 hobgoblins
  11 jackals
  4 kobolds
  3 quokkas (D:1)
  5 ball pythons
  A frilled lizard (D:2)
  5 rats
69 creatures vanquished.

Vanquished Creatures (others)
  35 foxfires
35 creatures vanquished.

Grand Total: 104 creatures vanquished

Notes
Turn   | Place    | Note
-------+----------+-------------------------------------------
     0 | D:1      | MisterAzrael the Meteoran Cinder Acolyte began the quest
                  | for the Orb.
     0 | D:1      | Reached XP level 1. HP: 19/19 MP: 3/3
    22 | D:1      | Reached XP level 2. HP: 14/26 MP: 3/5
    81 | D:1      | Reached XP level 3. HP: 16/31 MP: 6/6
    96 | D:1      | Learned a level 2 spell: Scorch
   287 | D:1      | Reached XP level 4. HP: 18/40 MP: 8/8
   484 | D:1      | Glimpsed the power of Zot.
   534 | D:1      | Glimpsed the power of Zot.
   638 | D:2      | HP: 1/40 [jackal (2)]
   656 | D:2      | HP: 2/40 [jackal (3)]
  1052 | D:2      | Reached XP level 5. HP: 41/46 MP: 10/10
  1078 | D:2      | Glimpsed the power of Zot.
  1178 | D:3      | Found a glowing drain.
  1195 | Sewer    | Entered a sewer
  1221 | Sewer    | Quit the game

Illustrated notes

Levels and vault maps discovered:
D:1:      saegor_arrival_miasma, layout_basic, chequers_decorated_corner
D:2:      layout_rooms, serial_corexii_hall, chequers_hall_statues_corner_a,
          corexii_hall_statues_l, chequers_hall_statues_y,
          chequers_hall_statues_y, corexii_hall_statues_x,
          kennysheep_generic_room_12, uniq_crazy_yiuf_cottage
D:3:      layout_rooms, zin_scriptorium, gammafunk_temple_of_torment,
          portal_sewer_entry_b, hangedman_abyss_or_decor_stabs
Sewer:    sewer_fruit_machine

Skill      XL: |  1  2  3  4 |
---------------+-------------+-----
Spellcasting   | 2 |  2.9
Fire Magic     | 4 |  4.4
Fighting       | 4 |  4.1
Axes           | |  0.8
Maces & Flails | |  4.9

Action                   |  1- 3 |  4- 6 || total
-------------------------+-------+-------++-------
Melee: Mace              |    68 |    74 ||   142
       War axe           |       |    20 ||    20
 Cast: Scorch            |       |     5 ||     5
Invok: Fiery Armour      |     1 |       ||     1
       Foxfire Swarm     |       |     3 ||     3
Armor: Robe              |    17 |    32 ||    49
Dodge: Dodged            |    29 |    95 ||   124

Table legend: (Time is in decaauts)
 A = Elapsed time spent in this place.
 B = Non-inter-level travel time spent in this place.
 C = Inter-level travel time spent in this place.
 D = Time resting spent in this place.
 E = Time spent auto-exploring this place.
 F = Levels seen in this place.
 G = Mean time per level.
                   A        B        C        D        E       F      G
               +--------+--------+--------+--------+--------+-----+--------+
         Total |   1254 |   1254 |      0 |      0 |    612 |   4 |  313.5 |
       Dungeon |   1224 |   1224 |      0 |      0 |    604 |   3 |  408.0 |
         Sewer |     30 |     30 |      0 |      0 |      8 |   1 |   30.0 |
               +--------+--------+--------+--------+--------+-----+--------+

Top non-repeatable levels by time:
     D:1: 580 daAuts
     D:2: 556 daAuts
     D:3: 87 daAuts
   Sewer: 30 daAuts
